General information
			
			
        
        - name: BNet
 
        - type: Ladder team game (AT/RT)
 
        - host: Battle.net
 
        - saver: Blahsmack
 
        
map: SilverpineForest 
        - players: 6
 
        - length: 126:57
 
        - speed: Fast
 - version: 1.22 W3XP
 - replay type:  Public
 
» download(420 KB)
Players
        team 1 (winner) 
              
              
» 
StayTight (
red | 20 APM | 1860 actions | 90:48)
              
 7 Demon Hunter 
 2 Immolation
 3 Evasion
 1 Metamorphosis
 1 Mana Burn
 
                » actions 
                
                | Assign group hotkey | 14 |  | 
| Basic commands | 76 |  | 
| Build / train | 85 |  | 
| ESC pressed | 14 |  | 
| Enter build submenu | 37 |  | 
| Enter hero's abilities submenu | 7 |  | 
| Give item / drop item | 1 |  | 
| Right click | 620 |  | 
| Select / deselect | 428 |  | 
| Select group hotkey | 500 |  | 
| Use ability | 78 |  | 
                1860 total
 » units 
                
                | Wisp | 32 |  | 
| Faerie Dragon | 36 |  | 
| Goblin Zeppelin | 1 |  | 
                69 total
 » upgrades
                » buildings
                
                | Altar of Elders | 1 |  | 
| Moon Well | 7 |  | 
| Hunter's Hall | 3 |  | 
| Tree of Ages | 1 |  | 
| Ancient Protector | 18 |  | 
| Tree of Eternity | 1 |  | 
| Ancient of Wind | 2 |  | 
| Ancient of Wonders | 1 |  | 
| Tree of Life | 2 |  | 
                36 total
 » build order
                00:05 Altar of Elders
00:09 Moon Well
01:02 Moon Well
02:00 Hunter's Hall
02:51 Tree of Ages
02:57 Moon Well
03:02 Moon Well
04:25 Ancient Protector
04:32 Ancient Protector
04:55 Ancient Protector
05:01 Ancient Protector
05:58 Tree of Eternity
06:10 Moon Well
06:15 Moon Well
07:25 Ancient of Wind
07:28 Ancient of Wind
07:53 Ancient of Wonders
19:21 Ancient Protector
19:22 Ancient Protector
19:24 Ancient Protector
19:25 Ancient Protector
19:27 Ancient Protector
19:36 Ancient Protector
19:42 Ancient Protector
22:13 Tree of Life
24:27 Hunter's Hall
28:38 Tree of Life
34:34 Moon Well
34:42 Hunter's Hall
36:01 Ancient Protector
36:04 Ancient Protector
36:24 Ancient Protector
36:46 Ancient Protector
37:10 Ancient Protector
37:36 Ancient Protector
37:44 Ancient Protector
» items
                
                | Orb of Venom | 1 |  | 
| Gloves of Haste | 1 |  | 
| Scroll of Healing | 1 |  | 
| Periapt of Vitality | 1 |  | 
                4 total
  
               
              
              
ChUbBy_BuNnY (
pink | 20 APM | 1637 actions | 83:16)
              
 5 Crypt Lord 
 3 Spiked Carapace
 2 Impale
 1 Blood Mage 
 1 Siphon Mana
 
                » actions 
                
                | Basic commands | 2 |  | 
| Build / train | 56 |  | 
| Enter build submenu | 14 |  | 
| Enter hero's abilities submenu | 6 |  | 
| Give item / drop item | 3 |  | 
| Right click | 955 |  | 
| Select / deselect | 527 |  | 
| Use ability | 72 |  | 
                1637 total
 » units 
                
                | Acolyte | 5 |  | 
| Ghoul | 3 |  | 
| Crypt Fiend | 25 |  | 
                33 total
 » upgrades
                
                | Creature Attack | 3 |  | 
| Creature Carapace | 3 |  | 
| Web | 1 |  | 
| Burrow | 1 |  | 
                8 total
 » buildings
                
                | Ziggurat | 6 |  | 
| Altar of Darkness | 1 |  | 
| Crypt | 3 |  | 
| Graveyard | 1 |  | 
| Tomb of Relics | 1 |  | 
| Halls of the Dead | 1 |  | 
| Black Citadel | 1 |  | 
| Nerubian Tower | 2 |  | 
                16 total
 » build order
                01:04 Ziggurat
01:09 Altar of Darkness
01:14 Crypt
01:21 Graveyard
01:26 Crypt
02:08 Tomb of Relics
02:34 Ziggurat
04:15 Halls of the Dead
06:07 Ziggurat
06:10 Ziggurat
08:03 Black Citadel
08:43 Crypt
10:26 Nerubian Tower
16:46 Ziggurat
16:46 Ziggurat
19:29 Nerubian Tower
» items
                
                | Rod of Necromancy | 2 |  | 
| Orb of Corruption | 1 |  | 
| Scroll of Town Portal | 1 |  | 
                4 total
  
               
              
              
Blahsmack (
purple | 32 APM | 4086 actions | 126:57)
              
 8 Blood Mage 
 3 Flame Strike
 1 Siphon Mana
 1 Summon Phoenix
 3 Banish
 
                » actions 
                
                | Assign group hotkey | 12 |  | 
| Basic commands | 125 |  | 
| Build / train | 239 |  | 
| Enter build submenu | 82 |  | 
| Enter hero's abilities submenu | 8 |  | 
| Give item / drop item | 4 |  | 
| Remove unit from queue | 1 |  | 
| Right click | 1774 |  | 
| Select / deselect | 1141 |  | 
| Select group hotkey | 26 |  | 
| Use ability | 674 |  | 
                4086 total
 » units 
                
                | Peasant | 31 |  | 
| Goblin Zeppelin | 3 |  | 
| Goblin Shredder | 2 |  | 
| Sorceress | 2 |  | 
| Dragonhawk Rider | 37 |  | 
                75 total
 » upgrades
                
                | Swords | 3 |  | 
| Armor | 4 |  | 
| Lumber Harvesting | 2 |  | 
| Masonry | 3 |  | 
| Magic Sentry | 1 |  | 
| Sorceress Training | 2 |  | 
| Cloud | 1 |  | 
| Animal War Training | 1 |  | 
                17 total
 » buildings
                
                | Scout Tower | 160 |  | 
| Lumber Mill | 10 |  | 
| Farm | 17 |  | 
| Altar of Kings | 1 |  | 
| Guard Tower | 73 |  | 
| Arcane Vault | 5 |  | 
| Keep | 2 |  | 
| Blacksmith | 2 |  | 
| Town Hall | 8 |  | 
| Arcane Sanctum | 1 |  | 
| Gryphon Aviary | 3 |  | 
| Castle | 1 |  | 
| Barracks | 1 |  | 
| Arcane Tower | 8 |  | 
                292 total
 » build order
                00:25 Scout Tower
00:36 Scout Tower
00:36 Scout Tower
00:37 Scout Tower
01:05 Lumber Mill
01:23 Farm
01:29 Farm
01:50 Altar of Kings
01:59 Guard Tower
01:59 Guard Tower
02:00 Guard Tower
02:00 Guard Tower
02:08 Farm
02:18 Guard Tower
02:41 Guard Tower
02:52 Arcane Vault
02:57 Arcane Vault
03:19 Scout Tower
03:20 Scout Tower
03:51 Scout Tower
03:52 Scout Tower
03:54 Scout Tower
04:00 Scout Tower
04:27 Guard Tower
04:29 Guard Tower
04:46 Keep
04:50 Scout Tower
04:51 Scout Tower
04:53 Scout Tower
04:58 Scout Tower
04:59 Scout Tower
05:53 Guard Tower
05:59 Blacksmith
06:53 Town Hall
07:09 Farm
07:09 Farm
07:10 Farm
07:10 Farm
07:19 Arcane Sanctum
08:10 Gryphon Aviary
08:12 Gryphon Aviary
08:49 Castle
09:10 Scout Tower
09:12 Scout Tower
09:13 Scout Tower
09:44 Guard Tower
10:12 Lumber Mill
10:17 Lumber Mill
13:20 Lumber Mill
13:22 Lumber Mill
13:26 Lumber Mill
13:46 Scout Tower
13:47 Scout Tower
13:48 Scout Tower
13:50 Scout Tower
13:51 Scout Tower
13:52 Scout Tower
13:53 Scout Tower
13:54 Scout Tower
13:56 Scout Tower
13:57 Scout Tower
13:58 Scout Tower
13:59 Scout Tower
14:00 Scout Tower
14:43 Guard Tower
14:56 Scout Tower
14:58 Scout Tower
14:59 Scout Tower
15:01 Scout Tower
15:03 Scout Tower
15:05 Scout Tower
15:06 Scout Tower
15:08 Scout Tower
15:08 Scout Tower
15:12 Scout Tower
15:55 Barracks
16:00 Guard Tower
16:08 Scout Tower
16:09 Scout Tower
16:10 Scout Tower
16:11 Scout Tower
16:12 Scout Tower
16:13 Scout Tower
16:20 Scout Tower
16:21 Scout Tower
16:22 Scout Tower
16:24 Scout Tower
16:25 Scout Tower
16:26 Scout Tower
16:28 Scout Tower
16:30 Scout Tower
16:31 Scout Tower
16:33 Scout Tower
16:34 Scout Tower
16:36 Scout Tower
16:40 Scout Tower
16:43 Scout Tower
16:46 Scout Tower
16:47 Scout Tower
16:51 Scout Tower
16:53 Scout Tower
16:54 Scout Tower
16:56 Scout Tower
16:57 Scout Tower
16:58 Scout Tower
17:00 Scout Tower
17:01 Scout Tower
17:02 Scout Tower
17:04 Scout Tower
17:05 Scout Tower
17:06 Scout Tower
17:10 Scout Tower
17:11 Scout Tower
17:12 Scout Tower
17:14 Scout Tower
17:15 Scout Tower
17:16 Scout Tower
17:18 Scout Tower
17:20 Scout Tower
17:21 Scout Tower
17:22 Scout Tower
17:34 Guard Tower
17:49 Guard Tower
17:49 Guard Tower
18:22 Guard Tower
18:22 Guard Tower
18:35 Scout Tower
18:36 Scout Tower
18:37 Scout Tower
18:40 Scout Tower
18:42 Scout Tower
18:43 Scout Tower
18:44 Scout Tower
18:46 Scout Tower
18:53 Scout Tower
18:54 Scout Tower
19:01 Scout Tower
19:02 Scout Tower
19:04 Scout Tower
19:12 Guard Tower
19:15 Guard Tower
19:37 Guard Tower
19:49 Guard Tower
20:08 Guard Tower
20:33 Guard Tower
20:43 Guard Tower
20:57 Guard Tower
21:38 Scout Tower
21:40 Scout Tower
21:42 Scout Tower
21:42 Scout Tower
21:43 Scout Tower
21:45 Scout Tower
21:47 Scout Tower
21:50 Scout Tower
21:52 Scout Tower
22:43 Guard Tower
24:08 Guard Tower
25:38 Town Hall
25:43 Farm
25:54 Lumber Mill
26:27 Gryphon Aviary
26:40 Farm
26:41 Farm
26:43 Farm
26:47 Scout Tower
26:48 Scout Tower
26:49 Scout Tower
26:50 Scout Tower
26:54 Scout Tower
27:06 Town Hall
27:14 Town Hall
27:48 Guard Tower
27:58 Scout Tower
28:00 Scout Tower
28:00 Scout Tower
28:44 Guard Tower
29:28 Guard Tower
29:39 Guard Tower
30:05 Town Hall
30:21 Guard Tower
30:28 Lumber Mill
30:55 Farm
31:10 Scout Tower
31:11 Scout Tower
31:11 Scout Tower
31:16 Scout Tower
31:17 Scout Tower
31:17 Scout Tower
31:19 Scout Tower
32:02 Guard Tower
32:07 Guard Tower
32:13 Guard Tower
32:13 Guard Tower
32:58 Arcane Vault
33:29 Guard Tower
34:03 Farm
34:04 Farm
34:06 Farm
34:08 Farm
34:11 Scout Tower
34:14 Scout Tower
34:19 Keep
35:12 Scout Tower
35:18 Scout Tower
35:20 Scout Tower
35:23 Scout Tower
35:54 Guard Tower
36:06 Scout Tower
36:09 Scout Tower
36:15 Scout Tower
36:16 Scout Tower
36:21 Guard Tower
36:21 Guard Tower
36:36 Guard Tower
36:42 Guard Tower
36:49 Guard Tower
37:03 Scout Tower
37:10 Guard Tower
37:28 Guard Tower
37:54 Guard Tower
37:56 Scout Tower
38:02 Scout Tower
38:04 Scout Tower
38:10 Scout Tower
38:12 Scout Tower
38:17 Scout Tower
38:20 Scout Tower
38:21 Scout Tower
38:44 Guard Tower
39:34 Guard Tower
40:08 Guard Tower
40:22 Guard Tower
41:50 Guard Tower
41:59 Guard Tower
42:01 Arcane Tower
42:46 Scout Tower
42:46 Scout Tower
42:47 Scout Tower
44:40 Guard Tower
64:29 Farm
64:38 Lumber Mill
64:43 Arcane Vault
65:48 Arcane Vault
66:26 Scout Tower
66:27 Scout Tower
66:31 Scout Tower
67:00 Guard Tower
67:01 Guard Tower
67:09 Scout Tower
67:12 Guard Tower
67:38 Guard Tower
67:41 Scout Tower
68:38 Guard Tower
68:43 Guard Tower
69:21 Guard Tower
69:54 Guard Tower
71:19 Scout Tower
71:23 Scout Tower
71:25 Scout Tower
71:47 Guard Tower
71:52 Guard Tower
71:52 Guard Tower
71:54 Guard Tower
73:00 Guard Tower
73:01 Guard Tower
85:24 Scout Tower
85:25 Scout Tower
85:27 Scout Tower
85:27 Scout Tower
85:40 Scout Tower
85:41 Scout Tower
87:38 Arcane Tower
87:43 Scout Tower
91:44 Arcane Tower
92:13 Town Hall
103:45 Town Hall
104:11 Town Hall
111:55 Blacksmith
113:21 Arcane Tower
113:40 Scout Tower
115:08 Guard Tower
116:41 Arcane Tower
116:44 Arcane Tower
119:17 Lumber Mill
120:23 Arcane Tower
120:50 Arcane Tower
» items
                
                | Lesser Clarity Potion | 4 |  | 
| Potion of Healing | 1 |  | 
| Orb of Fire | 1 |  | 
| Staff of Sanctuary | 1 |  | 
| Ivory Tower | 43 |  | 
| Scroll of Regeneration | 2 |  | 
                52 total
  
               team 2 (loser) 
              
              
yschin (
orange | 54 APM | 3525 actions | 65:10)
              
 10 Death Knight 
 3 Unholy Aura
 3 Death Coil
 1 Animate Dead
 3 Death Pact
 
                » actions 
                
                | Assign group hotkey | 66 |  | 
| Basic commands | 27 |  | 
| Build / train | 94 |  | 
| Enter build submenu | 34 |  | 
| Enter hero's abilities submenu | 10 |  | 
| Give item / drop item | 5 |  | 
| Remove unit from queue | 13 |  | 
| Right click | 1609 |  | 
| Select / deselect | 593 |  | 
| Select group hotkey | 994 |  | 
| Use ability | 77 |  | 
                3525 total
 » units 
                
                | Acolyte | 2 |  | 
| Ghoul | 4 |  | 
| Crypt Fiend | 8 |  | 
| Frost Wyrm | 9 |  | 
| Gargoyle | 12 |  | 
| Goblin Zeppelin | 2 |  | 
| Meatwagon | 7 |  | 
                44 total
 » upgrades
                
                | Creature Attack | 3 |  | 
| Creature Carapace | 3 |  | 
| Web | 1 |  | 
| Freezing Breath | 1 |  | 
| Unholy Strength | 3 |  | 
| Unholy Armor | 3 |  | 
                14 total
 » buildings
                
                | Crypt | 3 |  | 
| Ziggurat | 16 |  | 
| Altar of Darkness | 1 |  | 
| Graveyard | 1 |  | 
| Halls of the Dead | 1 |  | 
| Spirit Tower | 9 |  | 
| Tomb of Relics | 1 |  | 
| Black Citadel | 1 |  | 
| Sacrificial Pit | 1 |  | 
| Boneyard | 3 |  | 
| Slaughterhouse | 3 |  | 
                40 total
 » build order
                00:13 Crypt
00:29 Ziggurat
00:47 Altar of Darkness
01:07 Graveyard
01:56 Ziggurat
02:41 Halls of the Dead
03:17 Spirit Tower
04:16 Ziggurat
04:29 Tomb of Relics
05:46 Crypt
06:01 Ziggurat
07:02 Spirit Tower
08:01 Black Citadel
08:29 Spirit Tower
11:46 Sacrificial Pit
12:56 Ziggurat
13:10 Boneyard
13:23 Boneyard
15:41 Ziggurat
15:51 Ziggurat
17:18 Spirit Tower
19:54 Ziggurat
26:44 Spirit Tower
26:45 Spirit Tower
29:00 Boneyard
29:20 Ziggurat
29:21 Spirit Tower
29:23 Spirit Tower
30:21 Spirit Tower
38:30 Ziggurat
38:34 Ziggurat
38:36 Ziggurat
38:40 Ziggurat
38:43 Ziggurat
38:45 Ziggurat
39:16 Ziggurat
48:53 Crypt
54:56 Slaughterhouse
55:05 Slaughterhouse
55:11 Slaughterhouse
» items
                 
               
              
              
» 
Famfrit (
green | 40 APM | 5105 actions | 126:49)
              
 10 Death Knight 
 3 Death Coil
 3 Unholy Aura
 1 Animate Dead
 3 Death Pact
 
                » actions 
                
                | Assign group hotkey | 68 |  | 
| Basic commands | 611 |  | 
| Build / train | 162 |  | 
| Enter build submenu | 60 |  | 
| Enter hero's abilities submenu | 10 |  | 
| Give item / drop item | 1 |  | 
| Remove unit from queue | 25 |  | 
| Right click | 2165 |  | 
| Select / deselect | 1094 |  | 
| Select group hotkey | 667 |  | 
| Use ability | 242 |  | 
                5105 total
 » units 
                
                | Acolyte | 16 |  | 
| Ghoul | 9 |  | 
| Crypt Fiend | 10 |  | 
| Frost Wyrm | 3 |  | 
| Gargoyle | 36 |  | 
| Mortar Team | 11 |  | 
| Goblin Zeppelin | 2 |  | 
| Siege Engine | 2 |  | 
                89 total
 » upgrades
                
                | Creature Attack | 3 |  | 
| Creature Carapace | 3 |  | 
| Web | 1 |  | 
| Freezing Breath | 1 |  | 
| Unholy Strength | 2 |  | 
| Unholy Armor | 2 |  | 
                12 total
 » buildings
                
                | Ziggurat | 23 |  | 
| Altar of Darkness | 2 |  | 
| Graveyard | 2 |  | 
| Crypt | 6 |  | 
| Nerubian Tower | 1 |  | 
| Spirit Tower | 10 |  | 
| Halls of the Dead | 1 |  | 
| Tomb of Relics | 1 |  | 
| Sacrificial Pit | 1 |  | 
| Black Citadel | 2 |  | 
| Boneyard | 4 |  | 
| Slaughterhouse | 2 |  | 
| Workshop | 1 |  | 
                56 total
 » build order
                00:24 Ziggurat
00:38 Altar of Darkness
00:44 Altar of Darkness
00:56 Graveyard
01:20 Crypt
01:37 Ziggurat
01:51 Ziggurat
02:04 Nerubian Tower
02:34 Spirit Tower
03:25 Ziggurat
04:54 Halls of the Dead
06:38 Ziggurat
06:48 Tomb of Relics
07:40 Sacrificial Pit
09:07 Black Citadel
11:49 Boneyard
11:54 Boneyard
12:11 Ziggurat
12:13 Ziggurat
12:24 Ziggurat
13:08 Spirit Tower
13:20 Spirit Tower
15:38 Ziggurat
29:48 Boneyard
29:53 Boneyard
32:26 Slaughterhouse
32:28 Slaughterhouse
44:24 Spirit Tower
45:12 Crypt
45:14 Crypt
45:18 Crypt
47:24 Crypt
47:26 Crypt
54:29 Graveyard
55:31 Workshop
111:48 Ziggurat
111:54 Ziggurat
112:02 Ziggurat
112:50 Spirit Tower
113:20 Spirit Tower
116:30 Ziggurat
116:43 Ziggurat
117:10 Ziggurat
117:12 Ziggurat
117:16 Ziggurat
117:22 Ziggurat
117:28 Ziggurat
117:30 Ziggurat
118:11 Ziggurat
118:15 Ziggurat
118:24 Spirit Tower
118:26 Spirit Tower
118:45 Spirit Tower
118:47 Ziggurat
123:24 Spirit Tower
» items
                 
               
              
              
jclegend_999 (
yellow | 13 APM | 690 actions | 51:29)
              
                » actions 
                
                | Basic commands | 167 |  | 
| Build / train | 92 |  | 
| Enter build submenu | 46 |  | 
| Remove unit from queue | 3 |  | 
| Select / deselect | 323 |  | 
| Use ability | 59 |  | 
                690 total
 » units 
                
                | Peasant | 5 |  | 
| Footman | 13 |  | 
| Rifleman | 12 |  | 
| Flying Machine | 3 |  | 
| Mortar Team | 7 |  | 
| Sorceress | 1 |  | 
| Spell Breaker | 1 |  | 
| Dragonhawk Rider | 21 |  | 
| Gryphon Rider | 7 |  | 
                70 total
 » upgrades
                
                | Long Rifles | 1 |  | 
| Flare | 1 |  | 
| Magic Sentry | 1 |  | 
| Cloud | 0 |  | 
                3 total
 » buildings
                
                | Altar of Kings | 1 |  | 
| Farm | 14 |  | 
| Barracks | 3 |  | 
| Scout Tower | 13 |  | 
| Blacksmith | 1 |  | 
| Arcane Vault | 1 |  | 
| Arcane Tower | 5 |  | 
| Keep | 1 |  | 
| Workshop | 1 |  | 
| Cannon Tower | 4 |  | 
| Lumber Mill | 1 |  | 
| Guard Tower | 3 |  | 
| Gryphon Aviary | 3 |  | 
| Arcane Sanctum | 1 |  | 
| Castle | 1 |  | 
                53 total
 » build order
                00:09 Altar of Kings
00:41 Farm
00:57 Barracks
01:22 Scout Tower
01:32 Farm
02:14 Blacksmith
02:58 Scout Tower
03:37 Arcane Vault
03:43 Farm
03:52 Arcane Tower
04:17 Farm
04:53 Farm
05:04 Scout Tower
05:46 Barracks
06:12 Arcane Tower
08:33 Keep
08:50 Scout Tower
09:00 Farm
11:09 Workshop
12:15 Cannon Tower
12:28 Lumber Mill
13:59 Guard Tower
15:09 Scout Tower
15:47 Guard Tower
15:59 Gryphon Aviary
16:24 Arcane Sanctum
18:04 Scout Tower
18:46 Scout Tower
18:59 Scout Tower
19:10 Cannon Tower
19:22 Cannon Tower
19:47 Barracks
21:09 Guard Tower
22:48 Scout Tower
23:09 Farm
23:19 Farm
24:31 Scout Tower
27:03 Cannon Tower
27:08 Arcane Tower
27:29 Scout Tower
30:35 Farm
31:20 Farm
32:34 Farm
32:41 Scout Tower
32:49 Arcane Tower
33:50 Arcane Tower
42:10 Farm
42:14 Farm
42:19 Scout Tower
42:57 Castle
44:29 Gryphon Aviary
46:22 Farm
46:30 Gryphon Aviary
 
                Chat log
          (00:14 / Allies) ChUbBy_BuNnY: bye
(00:26 / Allies) ChUbBy_BuNnY: just kidding
(00:31 / Allies) ChUbBy_BuNnY: im not gay
(00:32 / Allies) StayTight: you are SO funny
(00:34 / Allies) ChUbBy_BuNnY: lets cc
(01:34 / Allies) ChUbBy_BuNnY: ill go fiends
(09:49 / All) Blahsmack: nice job
(10:15 / All) jclegend_999: im slaughtered
(10:20 / All) jclegend_999: i was..
(10:39 / Allies) Blahsmack: tp?
(10:43 / Allies) StayTight: k
(11:27 / All) Famfrit: wow all nubs
(11:30 / All) Blahsmack: LOL
(11:42 / All) Famfrit: my team compplpete noobs
(12:14 / Allies) ChUbBy_BuNnY: ty red
(12:20 / All) StayTight: np
(12:26 / Allies) ChUbBy_BuNnY: u 2 purp
(12:31 / All) Famfrit: XD
(12:33 / Allies) Blahsmack: ur elcome
(12:40 / All) Famfrit: wat u doin purp?
(12:46 / Allies) Blahsmack: going hacks
(12:48 / Allies) Blahsmack: hawks
(12:52 / Allies) Blahsmack: but since xdey nub
(14:28 / Allies) ChUbBy_BuNnY: red come
(15:09 / Allies) ChUbBy_BuNnY: rdy?
(15:12 / All) StayTight: ya
(17:11 / Allies) ChUbBy_BuNnY: red better units?
(17:22 / All) StayTight: :)
(17:29 / Allies) Blahsmack: no red those units are good
(17:36 / Allies) ChUbBy_BuNnY: ?
(17:39 / Allies) Blahsmack: fairy dragons are the best
(20:15 / Allies) ChUbBy_BuNnY: red run a wisp to purps base
(20:40 / All) Famfrit: fucking nubs
(21:20 / All) Famfrit: wow cant believe this is so nubbie
(21:33 / All) Famfrit: u all nubs 
(21:35 / All) StayTight: ya you are just so goood....
(21:37 / All) Famfrit: lol stfu nub
(21:42 / All) StayTight: make me
(21:43 / All) Famfrit: lol stfu nub
(21:55 / All) jclegend_999: u hv a problem?
(22:02 / All) Famfrit: yeha nubs u suck
(22:10 / All) jclegend_999: and u?
(23:40 / All) StayTight: lol
(23:46 / Allies) Blahsmack: our perch
(23:46 / All) jclegend_999: kk
(23:49 / All) Famfrit: red is so nub
(23:56 / Allies) Blahsmack: red is pretty pro
(23:57 / All) StayTight: you know it
(24:01 / Allies) ChUbBy_BuNnY: lol
(24:04 / All) Famfrit: ty
(24:06 / All) Famfrit: lol
(24:08 / Allies) ChUbBy_BuNnY: lmao
(24:18 / All) Famfrit: is it ur 1st time making those guys'/?
(24:45 / Allies) ChUbBy_BuNnY: tier1
(25:11 / Allies) ChUbBy_BuNnY: ff on dk
(26:19 / All) jclegend_999: holy fck,wth is this?
(26:24 / All) ChUbBy_BuNnY: lmao
(27:44 / Allies) ChUbBy_BuNnY: lol red
(27:49 / All) StayTight: :)
(28:07 / Allies) ChUbBy_BuNnY: red build 
(28:11 / All) StayTight: cant
(28:14 / Allies) ChUbBy_BuNnY: y?
(28:20 / All) StayTight: o
(28:24 / All) StayTight: no wood
(28:32 / All) StayTight: lol
(28:33 / All) StayTight: ty
(28:50 / Allies) ChUbBy_BuNnY: omg u killed his dk
(29:20 / Allies) ChUbBy_BuNnY: wat are those eyes?
(29:26 / Allies) ChUbBy_BuNnY: on ur towers?
(29:30 / Allies) Blahsmack: magic
(29:32 / Allies) Blahsmack: sentry upgrade
(29:35 / Allies) Blahsmack: they see invis units
(29:40 / Allies) ChUbBy_BuNnY: nice
(29:55 / Allies) ChUbBy_BuNnY: repair
(30:33 / Allies) ChUbBy_BuNnY: u have so much gold
(31:23 / Allies) ChUbBy_BuNnY: im totally saving this replay
(31:29 / Allies) Blahsmack: chubby
(31:32 / Allies) Blahsmack: after this is over
(31:33 / Allies) ChUbBy_BuNnY: wut
(31:38 / Allies) ChUbBy_BuNnY: ?
(31:39 / Allies) Blahsmack: visit www.highper.ch 
(31:42 / Allies) Blahsmack: for more replays
(31:44 / Allies) Blahsmack: of things
(31:47 / Allies) Blahsmack: like im doing
(31:49 / Allies) Blahsmack: better too
(31:52 / Allies) Blahsmack: becuase pros are do9ing it
(31:58 / Allies) ChUbBy_BuNnY: r u in a clan?
(32:04 / Allies) Blahsmack: no
(32:09 / Allies) ChUbBy_BuNnY: i see
(33:06 / Allies) ChUbBy_BuNnY: holy dick
(33:13 / All) ChUbBy_BuNnY: wtf
(33:18 / All) Famfrit: lol
(33:31 / All) Famfrit: DIE
(33:32 / All) Famfrit: DIE
(33:33 / All) Famfrit: DEO
(33:45 / Allies) Blahsmack: careful navigait your zepplin red
(33:45 / All) StayTight: im comin to perch :)
(33:49 / Allies) ChUbBy_BuNnY: red go here
(34:21 / All) StayTight: safe!
(34:38 / Allies) ChUbBy_BuNnY: red falo purp
(34:56 / All) ChUbBy_BuNnY: faggets
(35:01 / Allies) Blahsmack: lol
(35:05 / All) StayTight: muahahah
(35:19 / All) ChUbBy_BuNnY: u guys luv penis dontcha
(35:26 / All) ChUbBy_BuNnY: not u yelo
(35:27 / All) Famfrit: IKNO U DO
(35:39 / All) ChUbBy_BuNnY: u cant spell dumb queer
(35:46 / All) Famfrit: STFU NUB
(35:48 / All) Blahsmack: lol
(35:50 / All) Blahsmack: 2ez
(35:51 / Allies) ChUbBy_BuNnY: its called a spacebar dipshit
(36:29 / All) Famfrit: CANT HIRE LOSERS
(36:52 / Allies) Blahsmack: red move ur hero back
(36:53 / Allies) Blahsmack: abit
(36:53 / Allies) ChUbBy_BuNnY: ur a faget geek
(36:55 / Allies) Blahsmack: gunna tpower
(37:01 / Allies) ChUbBy_BuNnY: srry not u
(37:02 / All) StayTight: good?
(37:04 / Allies) Blahsmack: yea
(37:05 / Allies) Blahsmack: perfect
(37:28 / All) ChUbBy_BuNnY: u guys a re nerds who always play
(37:39 / All) Famfrit: STFU
(37:51 / Allies) ChUbBy_BuNnY: can 1 of u make a hero that i can control?
(38:04 / All) Famfrit: DIE
(38:05 / Allies) ChUbBy_BuNnY: pleez
(38:05 / All) StayTight: oh no!
(38:13 / All) Famfrit: DIEEE!!!!!
(38:19 / Allies) ChUbBy_BuNnY: purp build alter?
(38:28 / Allies) Blahsmack: wont need it
(38:30 / Allies) Blahsmack: im good
(38:46 / Allies) ChUbBy_BuNnY: i want to control something
(38:52 / Allies) Blahsmack: sorry
(38:53 / Allies) Blahsmack: but
(38:55 / Allies) Blahsmack: last time
(38:59 / Allies) Blahsmack: ive done that
(39:04 / Allies) Blahsmack: my allie got my hawks killed
(39:15 / All) StayTight: shouldve kept a hero:)
(39:21 / Allies) ChUbBy_BuNnY: no all i need is 1 unit i can call my own :)
(39:38 / All) Famfrit: SORRY MY DRAGONS CATN HELP IT
(39:39 / Allies) ChUbBy_BuNnY: getting close
(39:47 / All) Famfrit: AM SO BORED
(40:24 / Allies) ChUbBy_BuNnY: hrry up noobets
(40:34 / Allies) ChUbBy_BuNnY: alter?
(40:39 / Allies) Blahsmack: dont tell them where i am
(40:46 / Allies) Blahsmack: part of perching
(40:50 / Allies) ChUbBy_BuNnY: i need an alter :(
(40:50 / Allies) Blahsmack: is trying to keep it a secret
(41:02 / Allies) ChUbBy_BuNnY: shit
(41:04 / All) StayTight: :)
(41:07 / All) Famfrit: WTF
(41:09 / All) Blahsmack: LOL
(41:11 / All) Blahsmack: hey
(41:13 / Allies) ChUbBy_BuNnY: lmao
(41:15 / All) ChUbBy_BuNnY: lmao
(41:16 / All) Famfrit: LOL IMA SAVE THIS GAE
(41:20 / All) Famfrit: GAME
(41:21 / All) Blahsmack: welcome to silverpine(perch) forest
(41:21 / All) ChUbBy_BuNnY: me 2
(41:25 / All) Famfrit: SO GFUNNNY
(41:31 / All) ChUbBy_BuNnY: srry about all the mean comments
(41:36 / All) Famfrit: ME TOO
(41:38 / All) Famfrit: AM SORRY
(41:49 / Allies) ChUbBy_BuNnY: too much adreiline
(41:58 / All) Famfrit: ima have a lil vacation on silverpibe forest
(42:08 / All) StayTight: ur gay
(42:09 / Allies) ChUbBy_BuNnY: nice
(42:15 / All) Famfrit: how much money u have purp
(42:17 / All) Blahsmack: hey nubs
(42:19 / Allies) Blahsmack: i got 12k
(42:21 / Allies) Blahsmack: baby
(42:24 / All) Famfrit: yes por?
(42:25 / Allies) ChUbBy_BuNnY: lmao
(42:25 / Allies) Blahsmack: im rich
(42:28 / All) Famfrit: pro*
(42:43 / Allies) ChUbBy_BuNnY: perch other places too
(42:48 / Allies) Blahsmack: i could
(42:52 / Allies) Blahsmack: but this is the best
(42:54 / Allies) Blahsmack: one
(43:00 / Allies) ChUbBy_BuNnY: pleez build an alter?
(43:08 / All) Famfrit: lol
(43:09 / Allies) ChUbBy_BuNnY: nvm
(43:34 / All) ChUbBy_BuNnY: funny shet
(43:37 / All) ChUbBy_BuNnY: huh?
(43:47 / All) StayTight: OOOH
(43:47 / All) ChUbBy_BuNnY: this is the only reason i stayed
(43:56 / All) Blahsmack: 2 ez
(43:57 / All) StayTight: owned
(44:00 / All) Famfrit: damn
(44:11 / Allies) ChUbBy_BuNnY: build an alter pleez
(44:12 / All) Blahsmack: my blood mage isnt quite level 6 yet
(44:15 / Allies) ChUbBy_BuNnY: purple
(44:18 / All) Blahsmack: send more WYRMS
(44:26 / Allies) ChUbBy_BuNnY: pleez build alter
(44:30 / Allies) Blahsmack: PINK
(44:32 / Allies) Blahsmack: im finew
(44:35 / Allies) ChUbBy_BuNnY: i just want to use a hero
(44:44 / Allies) ChUbBy_BuNnY: pleez 
(44:57 / Allies) Blahsmack: im already in upkeep
(44:58 / Allies) Blahsmack: er
(44:59 / Allies) Blahsmack: almost
(45:04 / Allies) ChUbBy_BuNnY: pleez
(45:07 / Allies) ChUbBy_BuNnY: pleez
(45:08 / Allies) Blahsmack: id need to kill 2 hawks to accomadate you
(45:09 / Allies) ChUbBy_BuNnY: pleez
(45:12 / Allies) Blahsmack: and i cant do that
(45:17 / Allies) ChUbBy_BuNnY: pleez
(45:20 / Allies) Blahsmack: i need 1 control group full of 12 hawks
(45:30 / Allies) ChUbBy_BuNnY: :(
(45:40 / Allies) ChUbBy_BuNnY: build more farms
(45:46 / Allies) Blahsmack: then id be in upkeep
(45:46 / Allies) ChUbBy_BuNnY: pleez purp
(45:50 / Allies) Blahsmack: and get my gold taxed
(45:53 / Allies) ChUbBy_BuNnY: pleez
(45:53 / Allies) Blahsmack: thus losing the 12k
(45:57 / Allies) Blahsmack: sorry bro
(46:02 / Allies) ChUbBy_BuNnY: cmon
(46:03 / Allies) Blahsmack: should kept your hero alive
(46:15 / Allies) ChUbBy_BuNnY: i was trying to save ur base
(46:25 / Allies) Blahsmack: didnt matter
(46:31 / Allies) Blahsmack: my base wasa mere distraction
(46:45 / Allies) ChUbBy_BuNnY: dude cmon
(47:14 / Allies) ChUbBy_BuNnY: red?
(47:17 / All) StayTight: ya?
(47:22 / Allies) ChUbBy_BuNnY: nvm
(47:35 / Allies) ChUbBy_BuNnY: pheniox purp
(47:39 / All) StayTight: lvl 6!
(47:50 / Allies) Blahsmack: ill let you control that pink
(47:53 / Allies) Blahsmack: but
(47:57 / Allies) Blahsmack: you gotta promise me
(48:01 / Allies) ChUbBy_BuNnY: yay
(48:01 / Allies) Blahsmack: not to touch any other units
(48:06 / Allies) ChUbBy_BuNnY: okay i promise
(48:19 / All) StayTight: lol
(48:19 / All) Blahsmack: damn yellow
(48:24 / All) Blahsmack: just quit man
(48:27 / All) Blahsmack: you fucking suck
(48:35 / All) jclegend_999: and?
(48:39 / All) Blahsmack: infact
(48:45 / All) Blahsmack: all 3 of you can quit
(48:47 / Allies) ChUbBy_BuNnY: whers my egg?
(48:52 / All) Blahsmack: since youre all so fucking stupid
(48:56 / Allies) Blahsmack: pink
(49:01 / Allies) ChUbBy_BuNnY: yes
(49:07 / Allies) Blahsmack: you cant let it die over impassble terrain
(49:14 / Allies) Blahsmack: see that little ledge
(49:18 / Allies) Blahsmack: dats the phoneix ledge
(49:26 / Allies) Blahsmack: you gotta keep him there
(49:39 / Allies) Blahsmack: and hes the spear head in the defence
(50:14 / Allies) Blahsmack: 11k gold
(50:16 / Allies) Blahsmack: 5k wood
(50:21 / Allies) Blahsmack: this is pretty swweeeeet
(50:23 / Allies) Blahsmack: most nubs
(50:25 / Allies) Blahsmack: when i do this
(50:28 / Allies) Blahsmack: get really angry
(50:34 / Allies) Blahsmack: even on my own team
(50:41 / Allies) Blahsmack: they are all like
(50:49 / Allies) Blahsmack: "wtf noob fuck you come save meeeee"
(50:51 / Allies) ChUbBy_BuNnY: yay
(51:17 / All) Blahsmack: ahhahaha
(51:21 / All) Blahsmack: jesus yellow
(51:30 / All) StayTight: if 20 didnt work the first time, 10 will this time...
(51:30 / All) Blahsmack: are you new to warcraft?
(51:37 / All) Blahsmack: ahahha
(51:47 / All) Blahsmack: you 2 should make like yellow
(51:49 / All) Blahsmack: and leave
(51:58 / All) Blahsmack: youre going to run out of gold
(52:06 / All) Blahsmack: becuase you dont know how to micro any units
(53:07 / All) Blahsmack: you guys suck
(53:09 / All) Blahsmack: for real
(53:09 / All) StayTight: good try though guys
(53:14 / All) Blahsmack: honest opinion
(53:29 / All) Blahsmack: im not trying to insult you guys
(53:33 / All) Blahsmack: well ok
(53:36 / All) Blahsmack: actually iam
(53:47 / All) Blahsmack: youre stupid and you suck at warcraft 3 orange and green
(53:48 / All) StayTight: owned
(53:58 / All) StayTight: this must be embarassing
(54:17 / All) StayTight: ya just keep giving me xp tyvm
(54:19 / All) Blahsmack: send more units hurt by pierce arrows of the towers
(54:44 / Allies) Blahsmack: bets thing about this strat
(54:47 / Allies) Blahsmack: you cna go afk
(54:50 / Allies) Blahsmack: and do other things
(54:53 / Allies) ChUbBy_BuNnY: lol
(54:58 / Allies) Blahsmack: while they flop around and squirm like the worms they are
(55:07 / Allies) ChUbBy_BuNnY: malitia
(55:28 / All) Famfrit: i go tit
(55:40 / Allies) Blahsmack: oh
(55:42 / Allies) ChUbBy_BuNnY: lol
(55:43 / Allies) Blahsmack: didnt know
(56:02 / All) StayTight: you guys haven't even dented us
(56:14 / All) Blahsmack: so far you guys killed 3 towers
(56:17 / All) Blahsmack: and one hawk
(56:20 / All) Blahsmack: cumgrqatz
(56:37 / All) StayTight: lol
(56:42 / All) StayTight: pink....
(56:42 / All) Blahsmack: and one phoenix
(56:55 / Allies) ChUbBy_BuNnY: 2 actuyally
(57:43 / All) StayTight: lol
(57:56 / All) StayTight: b
(57:56 / Allies) ChUbBy_BuNnY: run negro
(57:56 / All) Famfrit: game
(58:02 / All) StayTight: ya right
(58:09 / All) StayTight: come get some
(58:17 / All) Blahsmack: LOL
(58:18 / Allies) ChUbBy_BuNnY: pleez alter
(58:33 / Allies) Blahsmack: no room for altar
(59:01 / Allies) Blahsmack: i hope they mine in upkeep
(59:07 / Allies) Blahsmack: and lose all their gold
(59:42 / All) StayTight: hey green wheres the attack at? thought you said game lol
(59:51 / All) Blahsmack: green sucks
(59:58 / All) Blahsmack: cant even beat towers
(60:00 / All) Blahsmack: what a noob
(60:02 / All) StayTight: noob
(60:13 / Allies) Blahsmack: dont
(60:14 / Allies) Blahsmack: repair
(60:16 / Allies) Blahsmack: that shit
(60:18 / Allies) Blahsmack: waste
(60:19 / Allies) Blahsmack: of gold
(60:20 / Allies) ChUbBy_BuNnY: ?
(60:44 / Allies) Blahsmack: i meann i still have 10k
(60:47 / Allies) Blahsmack: but still
(60:48 / Allies) Blahsmack: klol
(61:27 / All) StayTight: lol
(61:39 / All) Blahsmack: oh let me guess you guys are going for the hope they attack us while were afk but were not really afk
(61:51 / All) Blahsmack: ive played thousands of games
(61:53 / All) StayTight: theyd still loose
(61:54 / All) Blahsmack: on this map
(63:03 / Allies) Blahsmack: stop iot
(63:08 / Allies) ChUbBy_BuNnY: build alter?
(63:25 / Allies) ChUbBy_BuNnY: can i have pheniox?
(63:29 / Allies) ChUbBy_BuNnY: pleez
(64:07 / Allies) ChUbBy_BuNnY: alter pleex
(64:08 / Allies) Blahsmack: this
(64:09 / Allies) Blahsmack: is
(64:09 / All) StayTight: PWNED
(64:10 / Allies) Blahsmack: why
(64:11 / Allies) Blahsmack: i dont
(64:46 / Allies) ChUbBy_BuNnY: can i add u?
(64:53 / Allies) ChUbBy_BuNnY: purp?
(64:54 / Allies) Blahsmack: goahead
(65:07 / All) StayTight: bats
(65:27 / All) StayTight: green you are terrible
(66:04 / All) Blahsmack: lol
(66:09 / All) StayTight: imma move my hero downcloser to the action
(66:11 / Allies) ChUbBy_BuNnY: wats the command to add frens?
(66:18 / Allies) Blahsmack:    /f add user name
(66:45 / Allies) ChUbBy_BuNnY: k purp ur my fren
(67:01 / Allies) ChUbBy_BuNnY: how old r u guys?
(67:06 / All) StayTight: 22
(67:09 / Allies) Blahsmack: same
(67:15 / Allies) ChUbBy_BuNnY: r u serious?
(67:19 / Allies) Blahsmack: yup
(67:23 / Allies) ChUbBy_BuNnY: me2
(67:34 / Allies) ChUbBy_BuNnY: just kidding
(67:40 / Allies) ChUbBy_BuNnY: im only 13
(67:49 / Allies) ChUbBy_BuNnY: :/
(68:02 / Allies) ChUbBy_BuNnY: can i play with pheniox?
(68:24 / Allies) ChUbBy_BuNnY: get zeplin
(68:34 / All) StayTight: ya!
(68:38 / Allies) ChUbBy_BuNnY: pleez pheniox
(68:47 / Allies) ChUbBy_BuNnY: im sooooo bored
(69:01 / All) StayTight: hey green
(69:09 / All) StayTight: having trouble? :)
(69:16 / All) Blahsmack: for more replays like this Visit www.highper.ch
(69:27 / All) ChUbBy_BuNnY: LOL ADVERTISEMENT
(69:35 / Allies) Blahsmack: no really
(69:46 / Allies) Blahsmack: its a website dedicated to highperching/towercraft
(70:01 / All) StayTight: people need lives
(70:14 / Allies) ChUbBy_BuNnY: PLEEZ CAN I DO SOMETHING?
(70:22 / All) Blahsmack: green quit and go live life to the fullest!
(70:30 / All) Famfrit: nah i have no life
(70:35 / All) Blahsmack: lol
(70:35 / All) ChUbBy_BuNnY: LMAO
(70:38 / All) StayTight: at least youre honest
(70:41 / All) Famfrit: yes
(70:46 / All) Famfrit: i can wait all day
(71:04 / All) Famfrit: hello
(71:09 / All) ChUbBy_BuNnY: GOODDBYE
(71:29 / Allies) ChUbBy_BuNnY: CAN I CONTROL PLEEZ ONLY THE PHINIOX
(71:36 / Allies) Blahsmack: uggggghhhhhhhhh
(71:46 / Allies) ChUbBy_BuNnY: I LUV U
(72:03 / Allies) Blahsmack: whoa
(72:05 / Allies) Blahsmack: level 9
(72:08 / Allies) Blahsmack: B)
(72:11 / All) StayTight: weve been owning
(72:26 / Allies) ChUbBy_BuNnY: CORRECTION
(72:35 / All) ChUbBy_BuNnY: PURPLE has been owning
(73:04 / Allies) ChUbBy_BuNnY: i need an alter provavor
(73:15 / Allies) Blahsmack: should hidden an aco
(73:17 / Allies) Blahsmack: in da woods
(73:30 / Allies) ChUbBy_BuNnY: i tried
(73:44 / Allies) ChUbBy_BuNnY: can i have a pesant?
(73:57 / Allies) ChUbBy_BuNnY: they are right there
(74:25 / All) Famfrit: ho much money u have??
(74:28 / All) Blahsmack: 10k
(74:29 / All) Famfrit: i ahve 22k left
(74:34 / All) Blahsmack: no you dont
(74:34 / All) Famfrit: wow
(74:38 / All) Blahsmack: youve mined in upkeep
(74:38 / All) Famfrit: this is gonna take some time
(74:43 / All) Famfrit: i have the whole map
(74:52 / Allies) ChUbBy_BuNnY: let me go scout
(75:03 / Allies) ChUbBy_BuNnY: pleez
(75:08 / All) ChUbBy_BuNnY: pretty pleez
(75:15 / Allies) ChUbBy_BuNnY: pleez
(75:19 / All) ChUbBy_BuNnY: pleez
(75:38 / Allies) ChUbBy_BuNnY: ill scout with pheniox
(75:47 / All) ChUbBy_BuNnY: rape
(75:55 / All) ChUbBy_BuNnY: gg
(76:03 / All) ChUbBy_BuNnY: pleez quit
(76:26 / Allies) ChUbBy_BuNnY: they can coil eachother
(76:39 / Allies) ChUbBy_BuNnY: can i scout
(76:48 / All) Famfrit: aiight ima leav 
(76:49 / Allies) ChUbBy_BuNnY: yay
(76:56 / All) StayTight: gg
(76:59 / All) Famfrit: gg
(77:21 / Allies) ChUbBy_BuNnY: ?
(77:22 / All) Famfrit: ima leav if u att me
(77:29 / Allies) ChUbBy_BuNnY: bluff
(77:29 / All) StayTight: lol
(77:36 / All) Famfrit: only chance
(77:39 / All) StayTight: peace guys ill watch end of rep later
(77:44 / All) ChUbBy_BuNnY: bye
(77:48 / All) Famfrit: i promise ill leave
(77:54 / All) Blahsmack: no you wont
(77:55 / All) ChUbBy_BuNnY: bye red
(77:58 / All) Blahsmack: youre stupid
(78:02 / All) Blahsmack: im staying here all night
(78:04 / All) StayTight: later
(78:06 / All) ChUbBy_BuNnY: hell yes
(78:09 / All) Famfrit: me too
(78:09 / All) Blahsmack: doing mah calculus homework
(78:13 / All) Famfrit: i got no lief remember
(78:23 / All) Blahsmack: no you got not skills
(78:25 / All) Blahsmack: and no life
(78:32 / All) Famfrit: well idont
(78:41 / All) Famfrit: and i can jackoff whiel waiting
(79:00 / Allies) Blahsmack: kill that shit
(79:12 / All) Famfrit: owwie
(79:27 / All) Famfrit: die
(79:41 / Allies) ChUbBy_BuNnY: fuck this
(79:43 / All) ChUbBy_BuNnY: LMAO
(79:57 / Allies) ChUbBy_BuNnY: i need control
(80:03 / Allies) ChUbBy_BuNnY: pleez
(80:09 / Allies) Blahsmack: no
(80:12 / Allies) Blahsmack: you got red
(80:13 / Allies) Blahsmack: killed
(80:15 / Allies) Blahsmack: like a nub
(80:20 / All) Famfrit: so wasup
(80:25 / All) Famfrit: how old are u guys?
(80:27 / Allies) ChUbBy_BuNnY: wat an idiot didnt even have a tp
(80:31 / All) Famfrit: am 81
(80:33 / All) ChUbBy_BuNnY: 25
(80:37 / All) Famfrit: o
(80:43 / All) ChUbBy_BuNnY: jj 13 ass wipe
(80:45 / All) Famfrit: can u guys let a old man rest
(80:55 / All) Famfrit: am realy 81years old
(81:00 / Allies) ChUbBy_BuNnY: purple?
(81:48 / Allies) Blahsmack: how did you get red killed
(82:06 / All) Famfrit: damaged 
(82:10 / Allies) Blahsmack: by
(82:11 / All) Famfrit: damaged
(82:13 / Allies) ChUbBy_BuNnY: umm he got there hella fast somehow
(82:14 / All) Famfrit: damaged
(82:16 / All) Famfrit: damaged
(82:19 / All) Famfrit: damaged
(82:26 / Allies) ChUbBy_BuNnY: pleez give me alter
(82:30 / All) Famfrit: gonna gonna fix it fix fix it
(82:33 / Allies) ChUbBy_BuNnY: or pheniox
(82:33 / Allies) Blahsmack: no fucking way
(82:38 / All) Famfrit: 11
(82:50 / Allies) ChUbBy_BuNnY: gl purple
(82:54 / All) Famfrit: what kinbd of songs u guys lkke
(82:56 / All) Famfrit: ??
(83:01 / All) ChUbBy_BuNnY: i g2g
(83:05 / All) Famfrit: opmg
(83:11 / Allies) ChUbBy_BuNnY: peace
(83:41 / Allies) Blahsmack: well red
(83:44 / Allies) Blahsmack: pink got you killed
(83:47 / Allies) Blahsmack: becuase hes only 13
(86:41 / All) Blahsmack: my towers hve true sight
(86:44 / All) Blahsmack: you nub
(86:51 / All) Blahsmack: you are so fucking dumb
(87:01 / All) StayTight: eat my ballssssss
(87:05 / Allies) Blahsmack: yea
(87:06 / Allies) Blahsmack: red
(87:08 / Allies) Blahsmack: pink
(87:10 / Allies) Blahsmack: was a retard
(87:13 / Allies) Blahsmack: and got you killed
(87:14 / Allies) Blahsmack: over
(87:16 / Allies) Blahsmack: water
(87:25 / Allies) Blahsmack: thats why i didnt share control with him
(87:30 / Allies) Blahsmack: becuase hes a moron
(87:34 / All) StayTight: heh np
(87:34 / Allies) Blahsmack: im glad he left
(87:40 / All) StayTight: good game
(88:12 / All) StayTight: is there anyone left?
(90:43 / All) Blahsmack: killing you slowly with his voice
(90:47 / All) Blahsmack: one time  time
(90:48 / All) Blahsmack: highper.ch for more replays
(101:32 / All) Blahsmack: same shit
(101:41 / All) Blahsmack: it doesnt work
(101:49 / All) Blahsmack: didnt work the first  thousand times
(101:55 / All) Blahsmack: must work the 1001 time
(104:04 / All) Blahsmack: LOL\
(106:58 / All) Blahsmack: LOL
(107:50 / All) Famfrit: well i think ima go
(107:54 / All) Blahsmack: stupid noob
(108:00 / All) Famfrit: wanna go 1vs1?
(108:05 / All) Blahsmack: finnaly get a realization
(108:10 / All) Famfrit: ud not realy my best race lol
(108:10 / All) Blahsmack: sorry i dont 1v1 scrubs
(108:17 / All) Blahsmack: ud is the nub race
(108:25 / All) Blahsmack: only nubs play undead
(108:30 / All) Blahsmack: and only nubs lose games
(109:39 / All) Famfrit: lol
(112:46 / All) Famfrit: stop that
(114:51 / All) Famfrit: more on back
(117:21 / All) Blahsmack: do you know why it is called a matrix?
(117:40 / All) Blahsmack: becuase you are free to leave the prison cell any time you want to
(117:44 / All) Blahsmack: but you decide
(117:47 / All) Blahsmack: to stay in it
(118:01 / All) Blahsmack: for fear of what is out side the cell
(119:57 / All) Famfrit: ima let my bro take over
(120:10 / All) Blahsmack: sure
(120:19 / All) Famfrit: hello
(120:31 / All) Famfrit: how long this game been taking?
(120:31 / All) Blahsmack: why is your brothewr so terrible
(120:34 / All) Blahsmack: at warcraft
(120:37 / All) Blahsmack: its been 2 hours
(120:39 / All) Famfrit: dunno
(120:41 / All) Famfrit: oo
(120:43 / All) Famfrit: what happened?
(120:44 / All) Blahsmack: and your brother cant beaqt towers
(120:56 / All) Famfrit: what did he's team do?
(121:00 / All) Blahsmack: die
(121:06 / All) Blahsmack: suicide and waste gold
(121:07 / All) Famfrit: i saw them go in one by none lol
(121:10 / All) Blahsmack: in the form of units
(121:17 / All) Famfrit: and mined in full upkeep
(121:22 / All) Famfrit: lol
(121:41 / All) Famfrit: is this gamne worth it?
(121:50 / All) Famfrit: worth 23 hours of you're time?
(121:50 / All) Blahsmack: yea
(121:54 / All) Famfrit: 3 hrs
(121:56 / All) Blahsmack: actually if it makes you lose
(121:57 / All) Famfrit: ooo
(122:00 / All) Blahsmack: it definetly is
(122:05 / All) Blahsmack: becuase you have tekn 3 hours
(122:07 / All) Blahsmack: to lose
(122:13 / All) Famfrit: he could have won
(122:16 / All) Blahsmack: no
(122:17 / All) Blahsmack: LOL
(122:21 / All) Famfrit: he needs to learn to micro
(122:28 / All) Blahsmack: he needs to not play
(122:32 / All) Famfrit: i could take on those dragon hawks lol
(122:36 / All) Blahsmack: no
(122:39 / All) Famfrit: lol
(122:41 / All) Blahsmack: i had 12k when
(122:45 / All) Blahsmack: i built the mountain base
(122:50 / All) Famfrit: he had 18k
(122:53 / All) Famfrit: and all wasted
(122:59 / All) Blahsmack: i know how much wyrms cost
(123:00 / All) Famfrit: charging in and feeding
(123:05 / All) Blahsmack: and i also know how much food they take
(123:08 / All) Famfrit: yeahh
(123:09 / All) Blahsmack: you are out of gold
(123:15 / All) Famfrit: well
(123:18 / All) Famfrit: oj ha's 8k
(123:24 / All) Blahsmack: unless you sell your buildings
(123:36 / All) Famfrit: lol
(124:15 / All) Famfrit: lol
(124:23 / All) Famfrit: he made frsties agaisnt riders
(124:36 / All) Blahsmack: we had no orc
(124:39 / All) Blahsmack: lol
(124:42 / All) Famfrit: lol
(124:44 / All) Famfrit: add me
(124:44 / All) Blahsmack: oh you mean dragon hawk riders
(124:47 / All) Famfrit: jerry123456
(125:01 / All) Famfrit: i go on time to time
(125:03 / All) Famfrit: well
(125:06 / All) Blahsmack: 8k isnt going to save you
(125:06 / All) Famfrit: i'm gonna leave
(125:10 / All) Blahsmack: i have 8k right now
(125:11 / All) Famfrit: he;s sleeping
(125:15 / All) Famfrit: later bro
(125:23 / All) Blahsmack: later
(125:34 / All) Famfrit: nvm
(126:18 / All) Blahsmack: sell ojs towersz
(126:29 / All) Blahsmack: sell all of the ziggs unless you need it for food